[Event "FIDE Womens Grand Prix-I 2022-23"]
[Site "Nur-Sultan"]
[Date "2022.09.21"]
[Round "4.1"]
[White "Shuvalova, Polina"]
[Black "Zhu, Jiner"]
[Result "0-1"]
[ECO "C78"]
[WhiteElo "2510"]
[BlackElo "2464"]
[Annotator "TA"]
[PlyCount "138"]
[EventDate "2022.09.15"]
[EventType "tourn"]
[EventCountry "KAZ"]
[SourceTitle "playchess.com"]
[Source "ChessBase"]
[SourceQuality "1"]
[TimeControl "40/5400+30:1800+30"]

1. e4 e5 2. Nf3 Nc6 3. Bb5 a6 4. Ba4 Nf6 5. O-O b5 6. Bb3 Bc5 7. c3 d6 8. d4 Bb6 9. Be3 {[%emt 0:00:05] is recently more successful than 9.a4.} (9. a4 $5 ) 9... Bg4 {[%emt 0:07:22] C78: Ruy Lopez: Archangelsk and Möller Defences.} (9... O-O {seems wilder.} 10. Nbd2 Re8 11. Re1 exd4 12. cxd4 Na5) 10. dxe5 (10. Nbd2 {with more complications.} O-O 11. Qb1 h6 12. h3) 10... Nxe5 (10... Bxf3 {looks sharper.} 11. Qxf3 Nxe5 12. Qg3 Nh5) 11. Bxb6 Bxf3 {[%emt 0:00:20] White has an edge.} 12. gxf3 cxb6 13. f4 Nc4 {[%emt 0:04:55] [#]} 14. Bxc4 $146 ({Predecessor:} 14. e5 dxe5 15. Bxc4 bxc4 16. fxe5 Ne4 17. Qg4 Qd5 18. Re1 Nc5 19. Na3 b5 20. Nc2 {0-1 (52) Wahls,M (2555)-Adams,M (2655) Germany 1995}) 14... bxc4 15. Nd2 O-O 16. Qf3 b5 17. Kh1 g6 18. Rg1 Kh8 19. Rad1 Qe7 (19... Nh5 {keeps more tension.} 20. f5 Qh4 21. Rg4 Qe7) 20. Rde1 Rad8 21. Re3 (21. Qe3 $11) 21... Nh5 (21... d5 $15 {is more appropriate.} 22. e5 Nh5) 22. Nf1 Qf6 23. Rg4 d5 24. e5 Qf5 25. Ng3 $1 Nxg3+ 26. hxg3 d4 27. cxd4 Rxd4 28. Kg2 Qh5 (28... Rd3 $15 29. Rh4 Rxe3 30. Qxe3 Rd8) 29. Re1 ({Better is} 29. b3 $11) 29... Rd3 $15 30. Qe2 Qf5 {[%emt 0:06:07] Black is more active.} 31. Rh4 {[%emt 0:06:20] [#]} ({White should play} 31. b3 $15) 31... Qe6 (31... Kg7 $1 $17 32. a4 h5) 32. Qe4 {[%emt 0:00:32] White wants to mate with Reh1.} (32. f5 $5 Qd5+ 33. Kg1 $11) 32... Kg7 33. g4 Qd5 34. f5 Re8 (34... Qxe4+ $11 35. Rxe4 Rd5) 35. Qxd5 Rxd5 $16 {[%emt 0:00:05][%mdl 4096] Endgame KRR-KRR} 36. f4 (36. f6+ $16 Kg8 37. Rh6 Rexe5 38. Reh1) 36... g5 37. f6+ Kg8 38. Rh5 {[%emt 0:00:09] Reh1 would kill now.} gxf4 39. Kf3 b4 $1 40. Ke4 Rd6 $1 41. Rf5 c3 (41... Rd2 $2 42. Rg5+ Kh8 43. Rg7 $18) 42. bxc3 bxc3 43. Rc1 Rc6 44. Kxf4 c2 {[%emt 0:00:53] aiming for ...Rd8.} 45. Ke3 h6 {[%emt 0:02:03] Black wants to play ...Kh7.} 46. g5 Kh7 47. gxh6 Kg6 {[%emt 0:01:56][%mdl 64] Deflection} 48. Rf2 ({White should try} 48. Ke4 $11) 48... Rxe5+ $15 49. Kd4 {[%emt 0:00:20] Black must now prevent h7.} Rec5 50. Rh2 Kh7 51. a3 Rc4+ 52. Kd5 Rc3 53. Kd4 Rxa3 54. Rcxc2 Rxf6 (54... Ra4+ $17 55. Ke3 Re6+ 56. Kd3 Rxf6) 55. Rcf2 Raf3 56. Rxf3 Rxf3 $11 {[%emt 0:00:04] KR-KR} 57. Ke5 {[%emt 0:00:04] Prevents Rf6.} Rb3 58. Kf6 Rb7 59. Ra2 Ra7 60. Ra3 a5 61. Ra4 $1 Kg8 {[%emt 0:00:34] Strongly threatening ...Kh7.} 62. Rg4+ $2 {[%emt 0:02:49][%mdl 8192] [#] This costs White the game.} (62. Kf5 $11 {and White stays safe.}) 62... Kh8 $1 $19 ({Worse is} 62... Kh7 63. Ra4 $11) 63. Ra4 Kh7 64. Ra1 $2 (64. Kf5 Kxh6 65. Kf6) 64... a4 {[%emt 0:00:09] Hoping for ...a3. Black is clearly winning.} 65. Ra3 Kg8 {[%emt 0:00:08] Threatens to win with ...Kh7.} 66. Ke5 Ra6 67. Rg3+ Kh8 68. Ra3 Kh7 69. Rf3 f6+ {[%emt 0:00:13] Weighted Error Value: White=0.13 (very precise) /Black=0.14 (very precise)} 0-1

[Event "FIDE Womens Grand Prix-I 2022-23"]
[Site "Nur-Sultan"]
[Date "2022.09.21"]
[Round "4.2"]
[White "Abdumalik, Zhansaya"]
[Black "Paehtz, Elisabeth"]
[Result "1/2-1/2"]
[ECO "B33"]
[WhiteElo "2495"]
[BlackElo "2484"]
[Annotator "TA"]
[PlyCount "94"]
[EventDate "2022.09.15"]
[EventType "tourn"]
[EventCountry "KAZ"]
[SourceTitle "playchess.com"]
[Source "ChessBase"]
[SourceQuality "1"]
[TimeControl "40/5400+30:1800+30"]

1. e4 c5 2. Nf3 e6 3. d4 cxd4 4. Nxd4 Nf6 5. Nc3 Nc6 6. Ndb5 d6 7. Bf4 e5 8. Bg5 a6 9. Na3 b5 10. Nd5 Be7 11. Bxf6 Bxf6 12. c3 Bg5 13. Nc2 Rb8 14. g3 O-O {[%emt 0:00:37] B33: Sicilian: Pelikan and Sveshnikov Variations.} 15. h4 Bh6 16. Bh3 {[%emt 0:00:11] 16.Qd3 gains popularity.} Be6 17. a3 a5 {[%emt 0:11:56] Prevents Ncb4.} 18. Nce3 Bxe3 19. Nxe3 Bxh3 20. Rxh3 b4 21. axb4 axb4 22. Kf1 bxc3 23. bxc3 Ne7 {[%emt 0:04:23] [#]} 24. Kg2 $146 ({Predecessor:} 24. Qd3 Rb3 25. Ra6 Qc8 26. Kg2 Rxc3 27. Qxd6 Rxe3 28. fxe3 Rd8 29. Rh1 Rxd6 30. Rxd6 Qc2+ 31. Kf3 {0-1 (39) Nguyen T Thuan,H-Phan,D Hue 1999}) 24... Qc7 25. h5 Qc6 26. Ra4 (26. Rh4 {is interesting.} f5 27. Ra7 Rf7 28. Qa4) 26... Rbd8 (26... Qxc3 $2 27. h6 Rb2 28. Nc4 $18) 27. Rc4 Qb7 28. Rb4 Qc6 29. Qb3 Rc8 (29... h6 $11) 30. g4 (30. h6 $16) 30... Qd7 31. Rf3 Qe6 32. Qxe6 fxe6 33. Rb7 Rxf3 34. Kxf3 $11 {[%emt 0:00:06][%mdl 4096] Endgame KRN-KRN} Kf7 35. Rd7 Rc6 {[%emt 0:00:42] The position is equal.} 36. c4 Ke8 37. Ra7 Kd8 38. g5 Rc7 39. Rxc7 Kxc7 {[%emt 0:00:04] KN-KN} 40. Ng4 {[%emt 0:00:05][%cal Og4f6] [#] Nf6! is the strong threat.} Ng8 {[%emt 0:05:46] Inhibits Nf6.} 41. Ke3 Kc6 42. Kd3 h6 43. g6 Kc5 44. Kc3 Ne7 45. Ne3 Ng8 {[%emt 0:00:00] Hoping for ...Nf6.} 46. Ng4 Ne7 47. Ne3 Ng8 {[%emt 0:00:00] Weighted Error Value: White=0.11 (very precise) /Black=0.10 (very precise)} 1/2-1/2

[Event "FIDE Womens Grand Prix-I 2022-23"]
[Site "Nur-Sultan"]
[Date "2022.09.21"]
[Round "4.3"]
[White "Kosteniuk, Alexandra"]
[Black "Wagner, Dinara"]
[Result "0-1"]
[ECO "B23"]
[WhiteElo "2521"]
[BlackElo "2341"]
[Annotator "TA"]
[PlyCount "146"]
[EventDate "2022.09.15"]
[EventType "tourn"]
[EventCountry "KAZ"]
[SourceTitle "playchess.com"]
[Source "ChessBase"]
[SourceQuality "1"]
[TimeControl "40/5400+30:1800+30"]

1. e4 c5 2. Nc3 d6 3. f4 g6 4. Nf3 Bg7 5. Bb5+ Bd7 6. Bc4 {[%emt 0:00:08] B23: Closed Sicilian: Lines without g3.} Nc6 7. d3 e6 8. f5 {[%emt 0:00:13] The position is equal.} Nge7 (8... exf5 $11 9. Bf4 Nge7) 9. Ng5 $14 {[%emt 0:05:34][%cal Rf5e6] [#]} d5 $146 ({Predecessor:} 9... Nd4 10. O-O gxf5 11. Qh5 Rf8 12. Nxh7 Rh8 13. Bg5 Qb6 14. Bxe7 Qxb2 15. exf5 Nxf5 16. Rxf5 Qxa1+ {1-0 (33) Erigaisi,A (2633)-Sarana,A (2685) Chess.com INT 2022}) 10. fxe6 $1 Bxe6 {[%emt 0:05:32] [#]} (10... fxe6 $14 11. exd5 Bxc3+ 12. bxc3 exd5) 11. exd5 $1 $16 Bxc3+ 12. bxc3 Bxd5 13. Bxd5 Qxd5 14. O-O O-O {[%emt 0:08:02] [#]} 15. Qe1 $1 Qe5 16. Qh4 h5 17. Ne4 {[%emt 0:01:58] Hoping for Nf6+.} f5 18. Bf4 Qg7 19. Nxc5 Qxc3 20. Bd6 ({Don't take} 20. Nxb7 Nd5 $14) (20. Ne6 $16) 20... Rf7 21. Rae1 Rd8 $36 {[%emt 0:02:54][%mdl 2048] White is under pressure.} 22. Qf4 (22. Nxb7 Rd7 23. Rxe7 Nxe7 $17) 22... Nc8 23. Na4 Qd4+ 24. Qxd4 Nxd4 25. Bc5 Nxc2 26. Re6 (26. Rc1 $11 {was the only way to keep the balance.} b6 27. Rxc2 bxc5 28. Rxc5) 26... Kh7 $17 27. Rf4 Rxd3 28. Re2 b6 (28... Na3 $19 29. Nb2 Rc3) 29. Rxc2 {[%emt 0:00:28] Rd4 is the strong threat.} bxc5 30. Nxc5 Rd1+ 31. Kf2 (31. Rf1 $17 Rxf1+ 32. Kxf1) 31... Rc7 $19 32. Rb4 Nd6 {[%emt 0:00:54] Prevents Rb7.} 33. Rbb2 Rd5 34. Ne6 Ne4+ 35. Ke3 Re7 36. Rc7 Rxc7 37. Nxc7 $17 {[%emt 0:00:05][%mdl 4096] Endgame KRN-KRN} Ra5 38. h4 Kg7 39. Kd4 Kf7 40. Nd5 Nd6 {[%emt 0:00:40] Inhibits Rb7+.} ({Black should try} 40... Nc5 $17 {aiming for ...Ne6+.} 41. Rc2 Nd7) 41. Nc3 (41. Rb4 $15) 41... Ne4 42. Nd5 Nd6 43. Nc3 $1 f4 44. a4 (44. Rf2 $17) 44... Ke6 $19 45. Kd3 (45. Rf2 {was worth a try.}) 45... Re5 46. Rb4 Kf5 47. Rd4 $2 (47. a5) 47... Re3+ 48. Kd2 Re6 (48... Ne4+ $142 49. Nxe4 Rxe4) 49. Kd3 Re3+ $2 (49... a5 50. Rd5+ Kg4 51. Rxa5 Re3+ 52. Kc2 Nf5) 50. Kd2 Ne4+ 51. Nxe4 Rxe4 {[%emt 0:00:02] KR-KR} 52. Rd5+ Re5 53. Rd7 Ra5 (53... Kg4 $142 54. Rd6 Kxh4) 54. Rd4 (54. Ke1 $142 Rxa4 55. Rd5+ Ke4 56. Rg5) 54... Kg4 55. Ke2 Kg3 56. Kf1 Rc5 {[%emt 0:00:34] White must now prevent ...Rc1+.} 57. Rd6 Rc1+ 58. Ke2 Rc2+ 59. Ke1 Rxg2 (59... g5 $142 60. hxg5 Rxg2) 60. Rxg6+ Kf3 61. Rg5 Re2+ 62. Kd1 $2 (62. Kf1 $19 Rh2 63. Kg1 Rxh4 64. Rc5) 62... Re4 {[%emt 0:00:35] Black mates.} 63. a5 Kf2 64. Rxh5 f3 65. Rh7 Rd4+ 66. Kc2 Kg3 67. Rg7+ Rg4 68. Rf7 Rf4 69. Rg7+ Kxh4 70. Rh7+ Kg3 71. Rg7+ Rg4 72. Rf7 f2 73. Kd2 Rf4 {[%emt 0:01:34] What a bad dream for White.  Weighted Error Value: White=0.48/Black=0.33} 0-1

[Event "FIDE Womens Grand Prix-I 2022-23"]
[Site "Nur-Sultan"]
[Date "2022.09.21"]
[Round "4.4"]
[White "Vaishali, Rameshbabu"]
[Black "Tan, Zhongyi"]
[Result "1/2-1/2"]
[ECO "C55"]
[WhiteElo "2586"]
[BlackElo "2525"]
[Annotator "TA"]
[PlyCount "63"]
[EventDate "2022.09.15"]
[EventType "tourn"]
[EventCountry "KAZ"]
[SourceTitle "playchess.com"]
[Source "ChessBase"]
[SourceQuality "1"]
[TimeControl "40/5400+30:1800+30"]

1. e4 e5 2. Nf3 Nc6 3. Bc4 Nf6 4. d3 Be7 5. O-O d6 6. a3 O-O 7. Re1 Be6 {[%emt 0:01:37] C55: Two Knights: 4 d3, 4 d4 exd4 5 e5 and Max Lange Attack.} 8. Nbd2 Qd7 9. h3 {[%emt 0:01:25] [#]} Rae8 $146 {[%emt 0:00:19] The position is equal.} ({Predecessor:} 9... Bxc4 10. Nxc4 a6 11. Qd2 Rfe8 12. b3 Nd4 13. Qd1 b5 14. Nxd4 exd4 15. Nd2 g6 {½-½ (32) Zeghachov,D (2298)-Eastlake,P (2256) ICCF email 2019}) 10. b4 Bd8 11. Bb2 a6 12. Nf1 Ne7 13. Bxe6 fxe6 14. c4 Ng6 15. g3 h6 16. N1h2 b6 17. Bc3 c5 18. a4 Ne7 19. Ra2 ({White should play} 19. b5 $11) 19... a5 (19... cxb4 $15 20. Bxb4 Nc6) 20. b5 $11 Ng6 21. Kg2 Qf7 22. Ng1 Nh7 23. Kh1 Nf6 24. Kg2 Nh7 25. Kh1 Nf6 26. Ng4 Qb7 27. Kh2 Kh7 28. Rf1 Rf7 29. Nxf6+ Bxf6 30. Qg4 Qd7 31. Re2 Ref8 32. Bd2 {[%emt 0:04:09] Weighted Error Value: White=0.16 (very precise) /Black=0.13 (very precise)} 1/2-1/2

[Event "FIDE Womens Grand Prix-I 2022-23"]
[Site "Nur-Sultan"]
[Date "2022.09.21"]
[Round "4.5"]
[White "Goryachkina, Aleksandra"]
[Black "Assaubayeva, Bibisara"]
[Result "1/2-1/2"]
[ECO "B90"]
[WhiteElo "2579"]
[BlackElo "2439"]
[Annotator "TA"]
[PlyCount "63"]
[EventDate "2022.09.15"]
[EventType "tourn"]
[EventCountry "KAZ"]
[SourceTitle "playchess.com"]
[Source "ChessBase"]
[SourceQuality "1"]
[TimeControl "40/5400+30:1800+30"]

1. e4 c5 2. Nf3 d6 3. d4 cxd4 4. Nxd4 Nf6 5. Nc3 a6 6. Be3 e5 7. Nf3 Be7 8. Bc4 O-O 9. O-O Be6 10. Bxe6 {[%emt 0:01:07] B90: Sicilian Najdorf: Unusual White 6th moves, 6 Be3 Ng4 and 6 Be3 e5.} fxe6 11. Na4 Ng4 12. Qd3 Nxe3 13. Qxe3 b5 14. Nb6 Ra7 {[%emt 0:02:57] [#] Strongly threatening ...Rb7.} 15. Nd5 $1 Rd7 (15... Rb7 16. Qd2) 16. Nxe7+ Qxe7 17. a4 b4 18. Rfd1 a5 {[%emt 0:12:15] [#]} 19. Qb6 $146 {[%emt 0:11:26] Prevents Na6.} ({Predecessor:} 19. c3 Na6 20. Qb6 Nc5 21. cxb4 Rb7 22. Qc6 Rxb4 23. Rxd6 Nxe4 24. Rxe6 Qa7 25. Re8 Qxf2+ {½-½ (43) Samant,A (2334)-Bochnicka,V (2053) Mumbai 2019}) 19... Qd8 20. Qb5 Qc7 21. Rd2 {[%emt 0:02:51] White is more active.} (21. Rac1 $5 ) 21... h6 22. h3 Kh7 23. Rad1 Rfd8 24. c3 bxc3 {[%emt 0:02:09] The position is equal.} 25. Rc2 Qb7 26. Qxb7 Rxb7 27. Rxc3 Rxb2 28. Nxe5 {[%emt 0:00:22][%mdl 64] [#] Pin} Ra2 29. Rc4 Nd7 30. Nxd7 Rxd7 31. Rcd4 d5 32. exd5 {[%emt 0:00:40] Weighted Error Value: White=0.04 (flawless) /Black=0.05 (flawless)} 1/2-1/2

[Event "FIDE Womens Grand Prix-I 2022-23"]
[Site "Nur-Sultan"]
[Date "2022.09.21"]
[Round "4.6"]
[White "Lagno, Kateryna"]
[Black "Kashlinskaya, Alina"]
[Result "1/2-1/2"]
[ECO "C01"]
[WhiteElo "2547"]
[BlackElo "2504"]
[Annotator "TA"]
[PlyCount "164"]
[EventDate "2022.09.15"]
[EventType "tourn"]
[EventCountry "KAZ"]
[SourceTitle "playchess.com"]
[Source "ChessBase"]
[SourceQuality "1"]
[TimeControl "40/5400+30:1800+30"]

1. e4 e6 2. d4 d5 3. exd5 exd5 4. Nf3 Bd6 5. c4 Nf6 6. c5 Be7 7. Bd3 O-O {[%emt 0:00:35] C01: French: Exchange Variation.} 8. O-O b6 9. Be3 bxc5 10. dxc5 Ng4 11. Bf4 Nf6 (11... Bxc5 {is interesting.} 12. Bxh7+ Kxh7 13. Qc2+ Kg8) 12. Qc2 {[%emt 0:19:46] [#]} Na6 $146 ({Predecessor:} 12... a5 13. Nd4 Ba6 14. Rc1 Bxd3 15. Qxd3 Ne4 16. c6 Bg5 17. Bxg5 Qxg5 18. Nc3 Na6 19. Nxe4 dxe4 20. Qxe4 {½-½ (58) Tari,A (2629)-Nikologorskiy,K (2413) Chess.com INT 2019}) 13. Bxa6 Bxa6 14. Rd1 Ne4 15. Nc3 Nxc3 16. Qxc3 Be2 $1 {[%emt 0:02:12] This bishop pair is nice.} 17. Rd2 Bxf3 18. Qxf3 c6 19. b4 a6 20. Re1 Bg5 21. h3 h6 22. Rd3 Re8 23. Rxe8+ Qxe8 24. Re3 {[%emt 0:04:15] Against Qe1+} Qd8 25. Bxg5 Qxg5 $11 {[%emt 0:00:25][%mdl 4096] Endgame KQR-KQR} 26. Qe2 g6 27. g3 a5 $2 {[%emt 0:04:42] [#]} (27... d4 $11 {and Black has nothing to worry.} 28. Re5 (28. Re8+ Rxe8 29. Qxe8+ Kg7 $11) 28... d3 29. Rxg5 (29. Re8+ Rxe8 30. Qxe8+ Kg7 $17) 29... dxe2) 28. Re8+ (28. bxa5 $1 $18 {and the rest is easy. And now Re8+ would win.} Qd8 29. a6) 28... Rxe8 $16 29. Qxe8+ {[%emt 0:00:04] KQ-KQ} Kg7 30. bxa5 {[%emt 0:00:58] aiming for a6. White is more active.} Qc1+ 31. Kg2 Qc4 (31... Qxc5 $2 32. Qe5+ Kh7 33. Qc7 $18) 32. Qe5+ ({Much weaker is} 32. Qxc6 $6 Qe4+ 33. f3 Qe2+ 34. Kg1 Qd1+ 35. Kh2 Qe2+ 36. Kg1 Qd1+ 37. Kh2 Qe2+ 38. Kg1 $11) 32... Kg8 33. Qb8+ Kg7 34. Qe5+ Kg8 $1 35. a3 Qd3 (35... Qxc5 $2 36. Qb8+ Kg7 37. a6 $18) 36. Qe3 Qc4 37. Qf4 (37. Qe8+ $16 Kg7 38. Qe5+ (38. Qxc6 Qe4+ 39. f3 Qe2+ 40. Kg1 Qe1+ 41. Kg2 Qe2+ 42. Kg1 Qe1+ 43. Kg2 Qe2+ $11) 38... Kg8 39. Qb8+ (39. Qe8+ Kg7 $16) 39... Kg7 40. Qb4) 37... Qd3 (37... d4 $1 $11 {keeps the balance.}) 38. Qxh6 {[%emt 0:01:22] [#] Qe3 is the strong threat.} Qxa3 39. Qe3 Qxa5 40. Qe8+ Kg7 41. Qxc6 d4 42. Qd6 Qc3 43. Qe5+ Kg8 44. h4 Qc4 45. Qd6 d3 46. c6 d2 47. Qxd2 {[%emt 0:00:00] Hoping for Qd8+.} (47. Qd8+ {is more complex.} Kg7 48. c7 Qc2 49. c8=Q) 47... Qxc6+ 48. Kh2 Qe4 49. Qe3 Qc4 50. Qe5 Qa2 51. Qd4 Qb3 52. Kg2 Qb7+ 53. f3 Qb3 54. g4 (54. Qd2 $14 {deserves consideration.}) 54... Qb5 $11 55. Kg3 Qb8+ 56. Kh3 Qb3 57. Qe4 Qb5 58. Qe3 Qd5 59. Kg3 Qd6+ 60. Kg2 Qd5 61. Qg5 Qa2+ 62. Kg3 Qa7 63. Qd2 Qc7+ 64. Kg2 Qc5 65. Qd3 Qe5 66. Qe4 {[%emt 0:00:38] Prevents Qe1.} Qb2+ 67. Kg3 Qb8+ 68. Kh3 (68. Qf4 $5 Qa7 69. Qd2 $16) 68... Qb5 $1 69. Qe3 Qd5 $1 70. f4 (70. Kg2 $14) 70... Qb5 {[%emt 0:01:04] The position is equal.} 71. Kg3 Qd5 72. Qf3 Qc5 73. Kh3 Kg7 74. g5 Kg8 75. Kg2 Qc2+ 76. Kg3 Qc5 77. f5 gxf5 78. h5 Qc1 79. Qxf5 Qg1+ 80. Kh4 Qh2+ 81. Kg4 Qg2+ 82. Kh4 Qh2+ {[%emt 0:00:05] Black escapes into a draw.  Weighted Error Value: White=0.11 (very precise) /Black=0.11 (very precise)} 1/2-1/2